 Dungeon Crawl Stone Soup version 0.31-a0-1-g4198be8af4 (webtiles) character file.

Game seed: 9683301879589238150

7 t4s0thcmdr the Trooper (level 2, 0/32 HPs)
             Began as an Ogre Berserker on May 2, 2023.
             Was a Follower of Trog.
             Succumbed to a goblin's poison
             ... on level 1 of the Dungeon.
             The game lasted 00:05:07 (149 turns).

t4s0thcmdr the Trooper (Ogre Berserker)              Turns: 149, Time: 00:05:08

Health: 0/32       AC:  3    Str: 20    XL:     2   Next: 0%
Magic:  2/2        EV: 10    Int:  8    God:    Trog [*.....]
Gold:   13         SH:  0    Dex:  8    Spells: 1/1 levels left

rFire   . . .        a - +0 mace
rCold   . . .        (no shield)
rNeg    . . .        b - +0 animal skin
rPois   .            (helmet restricted)
rElec   .            (no cloak)
rCorr   .            (gloves unavailable)
SInv    .            (boots unavailable)
Will    .....        (no amulet)
Stlth   +            (no ring)
HPRegen 0.25/turn    (no ring)
MPRegen 0.08/turn

%: no passive effects
@: lethally poisoned (0 -> -12)
A: large, unfitting armour, tough skin 1
a: Renounce Religion, Berserk


You were on level 1 of the Dungeon.
You worshipped Trog.
Trog was aware of your devotion.
You visited 1 branch of the dungeon, and saw 1 of its levels.

You collected 13 gold pieces.

Inventory:

Hand Weapons
 a - a +0 mace (weapon)
 d - a +1 dagger of venom
Missiles
 c - 5 stones (quivered)
Armour
 b - a +0 animal skin (worn)


   Skills:
 - Level 4.0 Fighting
 * Level 3.1 Maces & Flails
 - Level 2.6 Dodging


You had one spell level left.
You didn't know any spells.
Your spell library was empty.

Dungeon Overview and Level Annotations

Branches:
Dungeon (1/15)

Altars:


Innate Abilities, Weirdness & Mutations

You are too large for most types of armour.
You have tough skin. (AC +1)


Message History

The bat hits you but does no damage.
You hit the bat but do no damage. The bat hits you but does no damage. x2
You hit the bat but do no damage. The bat barely misses you. The bat hits you.
The bat closely misses you.
You hit the bat. You punch the bat, but do no damage.
The bat is severely wounded.
The bat hits you but does no damage. x3
You hit the bat.
You kill the bat!
Trog accepts your kill.
You barely miss the goblin. The goblin closely misses you.
You barely miss the goblin.
The goblin hits you with a +1 dagger of venom.
You are poisoned.
You closely miss the goblin.
You feel very sick. The goblin completely misses you.
The goblin hits you with a +1 dagger of venom.
You are lethally poisoned!
You closely miss the goblin.
You feel very sick. The goblin hits you but does no damage.
You are more poisoned.
You are too injured to fight recklessly!
You are too injured to fight recklessly!
You are too injured to fight recklessly!
You are too injured to fight recklessly!
You are too injured to fight recklessly!
You hit the goblin.
You kill the goblin!
Trog accepts your kill.
* * * LOW HITPOINT WARNING * * *
You feel very sick.
You have reached level 2!
* * * LOW HITPOINT WARNING * * *
You feel very sick.
Things that are here:
a +1 dagger of venom; a goblin corpse
d - a +1 dagger of venom You die...

##.# #..#
#.## #.# #.#
#########.
#.#
#.....g...
#.#
#.#######.
#†########.#
#.......##@#
#######.##.#
#.##.#######
#...........
########....
##


There were no monsters in sight!

Vanquished Creatures
  A bat (D:1)
  An endoplasm (D:1)
  A goblin (D:1)
  A hobgoblin (D:1)
  2 frilled lizards (D:1)
6 creatures vanquished.

Notes
Turn   | Place    | Note
-------+----------+-------------------------------------------
     0 | D:1      | t4s0thcmdr the Ogre Berserker began the quest for the Orb.
     0 | D:1      | Reached XP level 1. HP: 24/24 MP: 1/1
   148 | D:1      | Reached XP level 2. HP: 6/32 MP: 2/2
   149 | D:1      | Succumbed to a goblin's poison

Illustrated notes

Levels and vault maps discovered:
D:1:      amcnicky_arrival_flooded_fountain, layout_loops_ring

Skill      XL: |  1 |
---------------+----+-----
Maces & Flails | 3 |  3.1
Fighting       | |  4.0
Dodging        | |  2.6

Action                     || total
---------------------------++-------
  Melee: Mace              ||    19
         Punch             ||     1
 Armour: Animal skin       ||    12
  Dodge: Dodged            ||    14

Table legend: (Time is in decaauts)
 A = Elapsed time spent in this place.
 B = Non-inter-level travel time spent in this place.
 C = Inter-level travel time spent in this place.
 D = Time resting spent in this place.
 E = Time spent auto-exploring this place.
 F = Levels seen in this place.
 G = Mean time per level.
                   A        B        C        D        E       F      G
               +--------+--------+--------+--------+--------+-----+--------+
         Total |    153 |    153 |      0 |      0 |      0 |   1 |  153.0 |
       Dungeon |    153 |    153 |      0 |      0 |      0 |   1 |  153.0 |
               +--------+--------+--------+--------+--------+-----+--------+

Top non-repeatable levels by time:
     D:1: 153 daAuts
